 Dungeon Crawl Stone Soup version 0.24.0-1-gfbc8707122 (webtiles) character file.

Game seed: 6044161758999861817, levelgen mode: deterministic

22438 Froggeryz the Severer (level 12, -37/108 HPs)
             Began as a Minotaur Fighter on Oct 27, 2019.
             Was the Champion of Okawaru.
             Annihilated by a death yak (63 damage)
             ... on level 5 of the Lair of Beasts.
             The game lasted 00:23:24 (11735 turns).

Froggeryz the Severer (Minotaur Fighter)           Turns: 11735, Time: 00:23:24

Health: -37/108    AC: 13    Str: 22    XL:     12   Next: 63%
Magic:  0/11       EV:  9    Int:  5    God:    Okawaru [******]
Gold:   805        SH:  0    Dex: 14    Spells: 11/11 levels left

rFire    . . .     SeeInvis +   Q - +8 mithril axe "Arga" {speed, MR+}
rCold    . . .     Gourm    .   (no shield)
rNeg     . . .     Faith    .   b - +1 scale mail
rPois    .         Spirit   +   M - +1 hat {SInv}
rElec    .         Reflect  +   j - scarf {Spirit}
rCorr    +         Harm     .   G - +0 pair of gloves
MR       +....                  (no boots)
Stlth    ..........             q - +3 amulet of reflection
HPRegen  0.28/turn              E - ring of resist corrosion
MPRegen  0.12/turn              h - +3 ring of protection

@: about to teleport, sleeping, marked, very slightly contaminated
A: retaliatory headbutt, horns 2
a: Heroism, Finesse, Renounce Religion


You were on level 5 of the Lair of Beasts.
You worshipped Okawaru.
Okawaru was exalted by your worship.
You were not hungry.

You visited 3 branches of the dungeon, and saw 14 of its levels.

You collected 805 gold pieces.

Inventory:

Hand Weapons
 a - a +1 war axe
 A - a +2 hand axe of flaming
 I - a +2 battleaxe of flaming
 Q - the +8 mithril axe "Arga" (weapon) {speed, MR+}
   (Okawaru gifted it to you on level 4 of the Lair of Beasts)

   Attacks with this weapon are significantly faster.
   It affects your resistance to hostile enchantments.
Missiles
 m - 2 javelins (quivered)
 x - a throwing net
 y - 45 poisoned darts
Armour
 b - a +1 scale mail (worn)
 j - a scarf of spirit shield (worn)
 G - a +0 pair of gloves (worn)
 M - a +1 hat of see invisible (worn)
Jewellery
 h - a +3 ring of protection (right hand)
 q - a +3 amulet of reflection (around neck)
 E - a ring of resist corrosion (left hand)
Wands
 u - a wand of polymorph (3)
 w - a wand of flame (47)
 F - a wand of iceblast (13)
 H - a wand of disintegration (14)
 L - a wand of random effects (13)
Scrolls
 e - a scroll of immolation
 g - 17 scrolls of identify
 o - 8 scrolls of remove curse
 r - 2 scrolls of enchant weapon
 B - 2 scrolls of enchant armour
 C - 6 scrolls of teleportation
 K - a scroll of magic mapping {unknown}
 N - a scroll of summoning {unknown}
 O - a scroll of holy word {unknown}
Potions
 d - 3 potions of might
 k - a potion of degeneration {unknown}
 l - a potion of resistance {unknown}
 n - a potion of haste
 p - 2 potions of flight
 s - a potion of cancellation
 t - a potion of curing
 z - 2 potions of mutation {unknown}
 D - a potion of agility {unknown}
 P - a potion of magic {unknown}
 S - a potion of ambrosia {unknown}
Comestibles
 f - 33 rations
 R - a chunk of flesh


   Skills:
 - Level 10.6 Fighting
 + Level 20.7 Axes
 * Level 6.0 Armour
   Level 3.6 Shields


You had 11 spell levels left.
You didn't know any spells.
Your spell library contained the following spells:

 Spells                   Type           Power        Failure   Level  Hunger
 Animate Skeleton         Necr           N/A          78%         1    ##.....
 Apportation              Tloc           #.....       78%         1    ##.....
 Confusing Touch          Hex            #.....       78%         1    ##.....
 Corona                   Hex            #......      78%         1    ##.....
 Infusion                 Chrm           #...         78%         1    ##.....
 Pain                     Necr           #...         78%         1    ##.....
 Summon Small Mammal      Summ           #...         78%         1    ##.....
 Ensorcelled Hibernation  Hex/Ice        #.....       89%         2    ###....
 Shroud of Golubria       Chrm/Tloc      #.....       89%         2    ###....
 Song of Slaying          Chrm           #.......     89%         2    ###....
 Confuse                  Hex            #.......     98%         3    ####...
 Dazzling Spray           Conj/Hex       #.....       98%         3    ####...
 Regeneration             Chrm/Necr      #.........   98%         3    ####...
 Spectral Weapon          Hex/Chrm       #.......     98%         3    ####...
 Tukima's Dance           Hex            #.......     98%         3    ####...
 Vampiric Draining        Necr           #.........   98%         3    ####...
 Animate Dead             Necr           N/A          100%        4    #####..


Dungeon Overview and Level Annotations

Branches:
Dungeon (8/15)             Temple (1/1) D:6            Lair (5/6) D:8
 Shoals (0/4) Lair:3        Snake (0/4) Lair:2
  Slime: Lair:5-6

Altars:
Elyvilon
Fedhas
Nemelex Xobeh
Okawaru
Trog
Vehumet
Xom
Zin
Jiyva

Shops:
D:8 :

Annotations:
Lair:5 Nessos


Innate Abilities, Weirdness & Mutations

You reflexively headbutt those who attack you in melee.
You have a pair of horns on your head.


Message History

You feel better.
Your surroundings suddenly seem different.
A death yak comes into view.
The death yak bellows!
A dream sheep comes into view.
The dream sheep bleats!
A dream sheep comes into view.
The dream sheep bleats!
You hear a bleat!
You hear an angry hiss.
The dream sheep sets off the alarm!
The alarm trap emits a blaring wail!
A sentinel's mark forms upon you.
A dream sheep comes into view. x2
You hear an angry hiss.
You hear a bellow! x4
As you read the scroll of teleportation, it crumbles to dust.
You feel strangely unstable.
The dream sheep shake their wool and sparkle.
You feel drowsy...
You fall asleep.
The death yak gores you!!!
Ouch! That really hurt!
You die...

.[....# .....P## ...P#
.. .......# ##..P ..
.......# #####P.....
......P##.##P....Y#.
P.≈.............Y..
#≈[#......#.....Y.
#≈.........# #..Y#
.†.......P.# #..@#
.....#..........YP...P#
........................
..................##....
#.#.#.#.#.#.#.#.#.# ..P
................ .. ..
#.#.#.#.#.#.# #. .# .
............ .. ..
#.#.#.#.#.


You could see a death yak and 4 dream sheep.

Vanquished Creatures
  A hydra (Lair:3)
  Erica (D:8)
  A death yak (Lair:4)
  A two-headed ogre (D:8)
  A manticore (Lair:3)
  A torpor snail (Lair:4)
  8 spiny frogs
  A rime drake (Lair:5)
  3 komodo dragons
  Prince Ribbit (Lair:1)
  6 hippogriffs
  21 blink frogs
  4 hogs (D:7)
  Sigmund (D:3)
  21 yaks
  A human (D:7)
  2 steam dragons
  Grum (Lair:1)
  2 wargs (D:8)
  2 nagas (Lair:2)
  5 water moccasins
  5 porcupines
  A hornet zombie (D:8)
  2 orc warriors
  A sky beast (D:5)
  2 black bears (D:6)
  8 centaurs
  2 ogres
  9 wolves
  7 crocodiles
  14 bullfrogs
  A big kobold (D:8)
  2 scorpions
  2 wyvern skeletons
  A howler monkey (D:4)
  3 crimson imps
  2 bullfrog zombies
  3 hounds
  7 orc wizards
  5 jellies
  3 orc priests
  2 iguanas
  An iron imp (D:3)
  5 worker ants
  A hound zombie (D:5)
  A hound skeleton (D:4)
  A worker ant zombie (D:8)
  5 adders
  3 gnolls (D:8)
  2 shadow imps
  An adder skeleton (D:4)
  3 worms
  6 leopard geckos
  24 orcs
  3 ball pythons
  6 giant cockroaches
  5 goblins
  5 hobgoblins
  5 jackals
  12 kobolds
  3 quokkas
  7 bats
  2 frilled lizards (D:2)
  A leopard gecko skeleton (D:4)
  A quokka zombie (D:6)
  4 rats
  A fungus (Lair:3)
  A plant (Lair:3)
276 creatures vanquished.

Vanquished Creatures (others)
  An orc (D:6)
  A plant (Lair:5)
2 creatures vanquished.

Grand Total: 278 creatures vanquished

Notes
Turn   | Place    | Note
-------+----------+-------------------------------------------
     0 | D:1      | Froggeryz the Minotaur Fighter began the quest for the Orb.
     0 | D:1      | Reached XP level 1. HP: 19/19 MP: 0/0
   256 | D:1      | Reached skill level 3 in Axes
   261 | D:1      | Reached XP level 2. HP: 23/27 MP: 1/1
   712 | D:2      | Reached XP level 3. HP: 28/33 MP: 2/2
   769 | D:2      | Reached skill level 4 in Axes
  1471 | D:3      | Noticed Grinder
  1472 | D:3      | Reached XP level 4. HP: 41/41 MP: 3/3
  1472 | D:3      | Paralysed by Grinder for 7 turns
  1480 | D:3      | Noticed Grinder
  1480 | D:3      | Grinder changed into Grinder the iron imp
  1486 | D:3      | Killed Grinder the iron imp
  1756 | D:3      | Noticed Sigmund
  1767 | D:3      | Killed Sigmund
  1767 | D:3      | Reached skill level 5 in Fighting
  1767 | D:3      | Reached skill level 6 in Axes
  1767 | D:3      | Reached XP level 5. HP: 30/48 MP: 2/4
  1948 | D:4      | Reached XP level 6. HP: 48/56 MP: 1/5
  2184 | D:4      | Found a radiant altar of Vehumet.
  2591 | D:4      | Reached skill level 7 in Axes
  2926 | D:5      | Entered Level 5 of the Dungeon
  3046 | D:5      | Reached XP level 7. HP: 61/64 MP: 3/6
  3049 | D:5      | Reached skill level 8 in Axes
  3397 | D:5      | Reached skill level 9 in Axes
  3419 | D:5      | Reached XP level 8. HP: 21/73 MP: 2/7
  4111 | D:6      | Found a sparkling altar of Nemelex Xobeh.
  4137 | D:6      | Reached skill level 10 in Axes
  4216 | D:6      | Found a staircase to the Ecumenical Temple.
  4284 | D:6      | Reached skill level 11 in Axes
  4453 | Temple   | Entered the Ecumenical Temple
  4469 | Temple   | Became a worshipper of Warmaster Okawaru
  4575 | D:6      | Found a shimmering altar of Xom.
  4603 | D:6      | Reached XP level 9. HP: 82/82 MP: 8/8
  4736 | D:6      | Found a bloodstained altar of Trog.
  5075 | D:6      | Reached * piety under Okawaru
  5226 | D:7      | Reached skill level 12 in Axes
  5247 | D:7      | Found a blossoming altar of Fedhas.
  5620 | D:7      | Reached ** piety under Okawaru
  5620 | D:7      | Reached skill level 10 in Fighting
  5620 | D:7      | Reached skill level 13 in Axes
  5949 | D:8      | Found a staircase to the Lair.
  5976 | D:8      | Reached XP level 10. HP: 56/94 MP: 4/9
  6352 | D:8      | Reached *** piety under Okawaru
  6414 | D:8      | Noticed Erica
  6429 | D:8      | Noticed a two-headed ogre
  6439 | D:8      | Killed Erica
  6439 | D:8      | Reached skill level 14 in Axes
  6465 | D:8      | Killed a two-headed ogre
  6465 | D:8      | Reached skill level 15 in Axes
  6792 | D:8      | Found Olal's Book Shop.
  7176 | Lair:1   | Entered Level 1 of the Lair of Beasts
  7190 | Lair:1   | Noticed a spiny frog
  7192 | Lair:1   | Killed a spiny frog
  7225 | Lair:1   | Reached **** piety under Okawaru
  7300 | Lair:1   | Noticed Prince Ribbit
  7304 | Lair:1   | Killed Prince Ribbit
  7307 | Lair:1   | Reached skill level 16 in Axes
  7462 | Lair:1   | Noticed Grum
  7470 | Lair:1   | Killed Grum
  7723 | Lair:1   | Noticed a spiny frog
  7727 | Lair:1   | Killed a spiny frog
  7820 | Lair:1   | Reached XP level 11. HP: 99/101 MP: 10/10
  7836 | Lair:1   | Reached ***** piety under Okawaru
  8261 | Lair:2   | Reached skill level 17 in Axes
  8301 | Lair:2   | Received a gift from Okawaru
  8678 | Lair:2   | Found a staircase to the Snake Pit.
  8792 | Lair:2   | Reached skill level 18 in Axes
  9251 | Lair:3   | Noticed a six-headed hydra
  9274 | Lair:3   | Killed a three-headed hydra
  9320 | Lair:3   | Reached skill level 19 in Axes
  9589 | Lair:3   | Found a staircase to the Shoals.
  9923 | Lair:3   | Reached XP level 12. HP: 107/108 MP: 9/11
 10852 | Lair:4   | Noticed a death yak
 10919 | Lair:4   | Killed a death yak
 10919 | Lair:4   | Reached skill level 20 in Axes
 11245 | Lair:4   | Reached ****** piety under Okawaru
 11318 | Lair:4   | Received a gift from Okawaru
 11319 | Lair:4   | Found the +8 mithril axe "Arga" {speed, MR+}
 11620 | Lair:5   | Reached skill level 5 in Armour
 11708 | Lair:5   | Noticed Nessos
 11731 | Lair:5   | Noticed a death yak
 11735 | Lair:5   | Annihilated by a death yak

Levels and vault maps discovered:
D:1:      mrwooster_arrival_statue_2, layout_basic, hex_medium,
          chequers_serial_rivers_small_a, patterned_corridor
D:2:      layout_loops_corners, first_ration
D:3:      layout_basic, uniq_sigmund, uniq_grinder
D:4:      minmay_razor_zed, layout_cave_pods, vehumet_crystals
D:5:      layout_layer_cave
D:6:      layout_loops_ring, kennysheep_mini, lemuel_coloured_pillars_altar,
          minmay_temple_entry_large_hall, nemelex_diamond_rough_becter
D:7:      layout_basic, fedhas_altar_2, grunt_livestock
D:8:      layout_loops_corners, erik_lair_orcish_takeover, serial_shops,
          nicolae_shop_waterfront, uniq_erica
Temple:   pf_slime_end_temple
Lair:1:   layout_loops_ring, grunt_megastairs_4, uniq_grum, uniq_prince_ribbit2
Lair:2:   layout_gridlike, guppyfry_snake_entry_garden, st_stairs_11,
          hibernation_bobbens, grunt_megastairs_2
Lair:3:   layout_layer_cave, minmay_shoals_entry_beasts, serial_bayou_crossing
Lair:4:   layout_misc_corridors, grunt_megastairs_1
Lair:5:   layout_gridlike, st_stairs_13, lemuel_fruit_tree, uniq_nessos

Skill      XL: |  1  2  3  4  5  6  7  8  9 10 11 12 |
---------------+-------------------------------------+-----
Axes           | 3 4 6 7 9 11 13 16 19 20 | 20.7
Fighting       | 4 5 6 7 8 10 | 10.6
Armour         | 6 |  6.0
Shields        | |  3.6

Action                   |  1- 3 |  4- 6 |  7- 9 | 10-12 || total
-------------------------+-------+-------+-------+-------++-------
Melee: War axe           |    81 |    80 |       |       ||   161
       Headbutt          |    14 |    14 |    56 |    88 ||   172
       Hand axe          |       |    14 |   242 |    68 ||   324
       Battleaxe         |       |       |       |   265 ||   265
       Broad axe         |       |       |       |    47 ||    47
Throw: Javelin           |       |       |     6 |     2 ||     8
Evoke: Wand              |       |     2 |       |     6 ||     8
  Use: Potion            |       |     1 |       |    11 ||    12
       Scroll            |       |     6 |     4 |     7 ||    17
  Eat: Chunk             |     2 |     5 |     5 |    19 ||    31
       Ration            |       |       |     1 |       ||     1
Armor: Scale mail        |    31 |    37 |    70 |   119 ||   257
Dodge: Dodged            |    22 |    21 |    48 |   131 ||   222
Block: Shield            |    52 |    56 |   132 |    22 ||   262
       Reflection        |     2 |     2 |     7 |       ||    11
       Other             |       |       |       |    29 ||    29
